Cogmind - Beta 9.6 @@@ ROGUE MODE // 2020.04.24 @ 09:17:48 Player: TravelDemon Result: Destroyed by G-47 Trooper with Particle Gun Performance ------------- Evolutions (2) 1000 Regions Visited (5) 1000 Robots Destroyed (17) 85 Value Destroyed (292) 292 Prototype IDs (0) 0 Alien Tech Used (0) 0 Bonus (0) 0 TOTAL SCORE: 2377 Bonus ------- None Cogmind --------- Core Integrity 0/550 Matter 300/300 Energy 98/100 System Corruption 3% Temperature Cool (9) Movement Core (50) Location -8/Materials Parts ------- > --- POWER (1) -------- (None) > --- PROPULSION (4) --- (None) > --- UTILITY (4) ------ Signal Interpreter Propulsion Shielding > --- WEAPON (2) ------- (None) > --- INVENTORY (4) ---- Advanced Weight Redist. System Improved Sensor Array Improved Terrain Scanner Terrain Scan Processor Peak State ------------ > --- POWER ------------ Light Nuclear Core > --- PROPULSION ------- Flight Unit Flight Unit Flight Unit Flight Unit > --- UTILITY ---------- Improved Sensor Array Signal Interpreter Maneuvering Thrusters Propulsion Shielding > --- WEAPON ----------- (None) > --- INVENTORY -------- Flight Unit Advanced Weight Redist. System Improved Terrain Scanner Terrain Scan Processor [Rating: 14] Favorites ----------- Power Light Nuclear Core Engine Light Ion Engine Power Core Light Nuclear Core Propulsion Flight Unit Leg Aluminum Leg Flight Unit Flight Unit Utility Small Storage Unit Device Sensor Array Storage Small Storage Unit Processor Signal Interpreter Protection Propulsion Shielding Weapon Light Assault Rifle Energy Gun Small Laser Ballistic Gun Light Assault Rifle Build | -11 -10 -10 -9 -9 -8 ------- Run | Scr Mat Min Mat Sto Mat Slots Evolved 4 | . . . 2 . 2 Power . | . . . . . . Propulsion 2 | . . . 1 . 1 Utility 2 | . . . 1 . 1 Weapon . | . . . . . . Parts Attached 25 | 6 8 2 2 . 7 Power 4 | 1 1 . . . 2 Engine 2 | 1 . . . . 1 Core 2 | . 1 . . . 1 Reactor . | . . . . . . Propulsion 9 | 2 2 2 1 . 2 Treads . | . . . . . . Leg 2 | 2 . . . . . Wheel . | . . . . . . Hover . | . . . . . . Flight 7 | . 2 2 1 . 2 Utility 7 | 1 2 . 1 . 3 Device 3 | . 1 . . . 2 Storage 1 | 1 . . . . . Processor 1 | . 1 . . . . Hackware . | . . . . . . Protection 2 | . . . 1 . 1 Artifact . | . . . . . . Weapon 5 | 2 3 . . . . Energy Gun 1 | 1 . . . . . Energy Cannon . | . . . . . . Ballistic Gun 4 | 1 3 . . . . Ballistic Cannon . | . . . . . . Launcher . | . . . . . . Special Weapon . | . . . . . . Impact Weapon . | . . . . . . Slashing Weapon . | . . . . . . Piercing Weapon . | . . . . . . Special Melee Weapon . | . . . . . . Unidentified Prototypes . | . . . . . . Parts Lost 15 | . 3 . . 2 10 Power 4 | . 1 . . . 3 Propulsion 5 | . 1 . . . 4 Utility 3 | . . . . . 3 Weapon 3 | . 1 . . 2 . Highest Loss Streak 4 | . 2 . . 2 4 Average Slot Usage (%) 79 | . 83 98 100 97 56 Engine 3 | . 5 . . . 2 Core 8 | . 8 14 11 11 5 Leg 6 | . 10 . . . . Flight 19 | . 16 26 33 33 17 Device 4 | . . 14 11 11 11 Storage 7 | . 12 . . . . Processor 4 | . . 14 11 11 9 Protection 3 | . . . 11 11 9 Energy Gun 1 | . 2 . . . . Ballistic Gun 19 | . 25 28 22 19 . Naked Turns . | . . . . . . Heaviest Build 17 | 10 12 8 9 9 17 Greatest Support 20 | 20 20 8 12 12 16 Greatest Overweight (x) 5 | 3 3 2 . . 5 Average Overweight (x) . | 1 . . . . . Largest Inventory Capacity 6 | 6 6 4 4 4 4 Average Capacity 5 | 5 5 4 4 4 4 Most Carried 6 | 3 6 4 3 3 4 Average Carried 4 | 1 5 4 2 3 3 Final Capacity 6 | 6 4 4 4 4 4 Final Carried 4 | 3 4 4 3 3 4 Class Distribution -------------------- 62% | Mutant 37% | Scavenger-Mutant Dominant Class ---------------- Mutant | -10/Materials Scavenger-Mutant | -10/Mines Scavenger-Mutant | -9/Materials Scavenger-Mutant | -9/Storage Mutant | -8/Materials Resources | -11 -10 -10 -9 -9 -8 ----------- Run | Scr Mat Min Mat Sto Mat Matter Collected 502 | 158 291 33 . . 20 Remotely . | . . . . . . Salvage Created 484 | . 441 23 . . 20 Parts 35 | . 27 6 . . 2 Haulers Intercepted 1 | . 1 . . . . Recyclers Shooed . | . . . . . . Parts Field Recycled . | . . . . . . Retrieved Matter . | . . . . . . Parts Self-Destructed . | . . . . . . Prevented . | . . . . . . Kills | -11 -10 -10 -9 -9 -8 ------- Run | Scr Mat Min Mat Sto Mat Combat Hostiles Destroyed 13 | . 10 2 . . 1 Melee 1 | . . . . . 1 Guns 12 | . 10 2 . . . Classes Destroyed 5 | . 5 . . . . Hauler 1 | . 1 . . . . Recycler 1 | . 1 . . . . Watcher 2 | . 2 . . . . Swarmer 9 | . 6 2 . . 1 Grunt 4 | . 4 . . . . Best Kill Streak 6 | . 6 1 . . 1 Combat Bots Only 5 | . 5 1 . . 1 Max Kills in Single Turn 1 | . 1 1 . . 1 Gunslinging . | . . . . . . Exploded . | . . . . . . Melee 1 | . . . . . 1 Uniques/NPCs Destroyed . | . . . . . . Combat | -11 -10 -10 -9 -9 -8 -------- Run | Scr Mat Min Mat Sto Mat Damage Taken 1725 | . 440 134 11 109 1031 Core 745 | . 101 29 . 53 562 Absorbed by Shields . | . . . . . . Core Remaining (%) 78 | 100 . 48 . 86 . Volleys Fired 55 | . 42 9 . 4 . Largest 2 | . 2 2 . 2 . Hottest 60 | . 60 40 . 40 . Shots Fired 109 | . 83 18 . 8 . Gun 109 | . 83 18 . 8 . Cannon . | . . . . . . Launcher . | . . . . . . Special . | . . . . . . Kinetic 104 | . 78 18 . 8 . Thermal 5 | . 5 . . . . Explosive . | . . . . . . Electromagnetic . | . . . . . . Robot Hit Streak 13 | . 13 5 . . . Robot Miss Streak 6 | . 6 5 . . . Penetration Max . | . . . . . . Secondary Targets 2 | . 2 . . . . Max Gunslinging Chain 1 | . 1 . . . . Shots Hit Robots 54 | . 45 9 . . . Core Hits 40 | . 25 4 . . 11 Critical Hits . | . . . . . . Critical Kills . | . . . . . . Critical Parts Destroyed . | . . . . . . Melee Attacks . | . . . . . . Impact . | . . . . . . Slashing . | . . . . . . Piercing . | . . . . . . Sneak Attacks . | . . . . . . Combat Hostiles . | . . . . . . Follow-up Attacks . | . . . . . . Damage Inflicted 630 | . 509 75 . . 46 Guns 584 | . 509 75 . . . Cannons . | . . . . . . Explosions . | . . . . . . Melee . | . . . . . . Ramming 46 | . . . . . 46 Kinetic 563 | . 488 75 . . . Thermal 21 | . 21 . . . . Explosive . | . . . . . . Electromagnetic . | . . . . . . Impact . | . . . . . . Slashing . | . . . . . . Piercing . | . . . . . . Highest Corruption 3 | . 1 1 . . 3 Average Corruption 1 | . 1 1 . . 3 Corruption Purged . | . . . . . . Effects 5 | . 2 . . . 3 Message Errors 2 | . 1 . . . 1 Matter Fused 1 | . . . . . 1 Energy Discharges 2 | . 1 . . . 1 Overload Shots . | . . . . . . Overflow Damage . | . . . . . . Projectiles . | . . . . . . Explosions . | . . . . . . Melee . | . . . . . . Knockbacks . | . . . . . . Impact . | . . . . . . Kinetic . | . . . . . . Secondary . | . . . . . . Self-Inflicted Damage 20 | . . . . . 20 Shots . | . . . . . . Rammed 20 | . . . . . 20 Targets Rammed 20 | . . . . . 20 Kicked . | . . . . . . Crushed . | . . . . . . Highest Temperature 36 | . 36 16 . 10 . Average Temperature 9 | . 10 8 . 5 . Received Heat Transfer 480 | . 144 . 6 33 297 Siege Activations . | . . . . . . Robots Corrupted . | . . . . . . Combat Hostiles . | . . . . . . Parts Fried . | . . . . . . Impact Corruptions . | . . . . . . Robots Melted . | . . . . . . Combat Hostiles . | . . . . . . Parts Melted . | . . . . . . Heat Transferred 50 | . 50 . . . . Parts Sabotaged . | . . . . . . Parts Stolen . | . . . . . . Parts Stripped . | . . . . . . Power Chain Reactions . | . . . . . . Missiles Intercepted . | . . . . . . Alert | -11 -10 -10 -9 -9 -8 ------- Run | Scr Mat Min Mat Sto Mat Peak Influence 245 | . 245 93 80 88 67 Average Influence 71 | . 91 75 57 46 42 Maximum Alert Level 1 | . 1 . . . . Low Security (%) 89 | 100 81 100 100 100 100 Level 1 10 | . 18 . . . . Level 2 . | . . . . . . Level 3 . | . . . . . . Level 4 . | . . . . . . Level 5 . | . . . . . . High Security . | . . . . . . Max Security . | . . . . . . Squads Dispatched 5 | . . . 1 1 3 Investigation . | . . . . . . Extermination . | . . . . . . Reinforcement 5 | . . . 1 1 3 Assault . | . . . . . . Garrison . | . . . . . . Intercept . | . . . . . . Construction Impeded . | . . . . . . Haulers Reinforced . | . . . . . . Stealth | -11 -10 -10 -9 -9 -8 --------- Run | Scr Mat Min Mat Sto Mat Distress Signals 1 | . . . . 1 . Communications Jammed . | . . . . . . Distress Signals . | . . . . . . Times Spotted 64 | . 16 6 4 12 26 Peak Tracking Total 13 | . 6 4 3 11 13 Tactical Retreats 4 | . 1 . . . 3 Traps | -11 -10 -10 -9 -9 -8 ------- Run | Scr Mat Min Mat Sto Mat Traps Triggered 3 | . 2 . . . 1 Indirectly . | . . . . . . Trap Hack Attempts . | . . . . . . Triggered . | . . . . . . Disarmed . | . . . . . . Reprogrammed . | . . . . . . Reused . | . . . . . . Traps Extracted . | . . . . . . Installed . | . . . . . . Triggered . | . . . . . . Machines | -11 -10 -10 -9 -9 -8 ---------- Run | Scr Mat Min Mat Sto Mat Machines Disabled . | . . . . . . Max in Single Turn . | . . . . . . Garrison Access 1 | . . . . 1 . Machines Sabotaged . | . . . . . . Garrisons Compromised . | . . . . . . Overloaded Fab Kills . | . . . . . . Fab Network Shutdowns . | . . . . . . Hacking | -11 -10 -10 -9 -9 -8 --------- Run | Scr Mat Min Mat Sto Mat Machines Accessed 4 | . 1 . . 1 2 Terminals 3 | . 1 . . . 2 Fabricators . | . . . . . . Repair Stations . | . . . . . . Recycling Units . | . . . . . . Scanalyzers . | . . . . . . Garrison Access 1 | . . . . 1 . Total Hacks 4 | . 1 . . 1 2 Successful 2 | . . . . 1 1 Failed 2 | . 1 . . . 1 Catastrophic 1 | . . . . . 1 Database Lockouts . | . . . . . . Manual 2 | . 1 . . . 1 Terminals 3 | . 1 . . . 2 Fabricators . | . . . . . . Repair Stations . | . . . . . . Recycling Units . | . . . . . . Scanalyzers . | . . . . . . Garrison Access 1 | . . . . 1 . Terminal Hacks 1 | . . . . . 1 Record 1 | . . . . . 1 Fabricator Hacks . | . . . . . . Repair Station Hacks . | . . . . . . Recycling Unit Hacks . | . . . . . . Scanalyzer . | . . . . . . Garrison Access Hacks 1 | . . . . 1 . Seal Access 1 | . . . . 1 . Unauthorized Hacks . | . . . . . . Terminals . | . . . . . . Fabricators . | . . . . . . Repair Stations . | . . . . . . Recycling Units . | . . . . . . Scanalyzers . | . . . . . . Garrison Access . | . . . . . . Data Cores Recovered . | . . . . . . Used . | . . . . . . Hacking Detections 2 | . 1 . . . 1 Full Trace Events . | . . . . . . Feedback Events . | . . . . . . Feedback Blocked . | . . . . . . Robot Schematics Acquired . | . . . . . . Robots Built . | . . . . . . Matter . | . . . . . . Time . | . . . . . . Total Robot Build Rating . | . . . . . . Part Schematics Acquired . | . . . . . . Parts Built . | . . . . . . Matter . | . . . . . . Time . | . . . . . . Total Part Build Rating . | . . . . . . Parts Repaired . | . . . . . . Time . | . . . . . . Parts Recycled . | . . . . . . Recycled Matter . | . . . . . . Retrieved Matter . | . . . . . . Retrieved Components . | . . . . . . Parts Scanalyzed . | . . . . . . Part Schematics Acquired . | . . . . . . Parts Damaged . | . . . . . . Bothacking | -11 -10 -10 -9 -9 -8 ------------ Run | Scr Mat Min Mat Sto Mat Used RIF Installer . | . . . . . . Robots Hacked . | . . . . . . Non-combat . | . . . . . . Combat . | . . . . . . Robot Hacks Applied . | . . . . . . Relay Couplers Released . | . . . . . . Robots Rewired . | . . . . . . Allies Hacked . | . . . . . . Hacks Repelled . | . . . . . . Allies | -11 -10 -10 -9 -9 -8 -------- Run | Scr Mat Min Mat Sto Mat Total Allies . | . . . . . . Largest Group . | . . . . . . Highest-Rated Group . | . . . . . . Highest-Rated Ally . | . . . . . . Total Orders . | . . . . . . Ally Attacks . | . . . . . . Total Damage . | . . . . . . Kills . | . . . . . . Allies Corrupted . | . . . . . . Allies Melted . | . . . . . . Intel | -11 -10 -10 -9 -9 -8 ------- Run | Scr Mat Min Mat Sto Mat Robot Analysis Total . | . . . . . . Derelict Logs Recovered 1 | . . 1 . . . Drone Launches . | . . . . . . Drone Recoveries . | . . . . . . Exploration | -11 -10 -10 -9 -9 -8 ------------- Run | Scr Mat Min Mat Sto Mat Turns Passed 1331 | 66 760 80 47 95 283 Spaces Moved 1343 | 49 505 119 129 197 344 Core 243 | 41 141 4 . . 57 Treads . | . . . . . . Legs 176 | 8 168 . . . . Wheels . | . . . . . . Hover . | . . . . . . Flight 924 | . 196 115 129 197 287 Fastest Speed 31 | 50 37 37 34 34 31 Average Speed 76 | 112 121 40 34 34 56 Slowest Speed 300 | 200 200 150 34 34 300 Overloaded Moves . | . . . . . . Propulsion Burnouts . | . . . . . . Robots Hopped 10 | . 1 . 3 5 1 Cave-ins Triggered . | . . . . . . Exploration Rate (%) 28 | 5 63 16 16 40 30 Regions Visited 5 Branch Regions 2 Pre-discovered Areas 1 | . . 1 . . . Known Exits Taken 4 | . 1 1 1 1 . Unknown Exits Taken 1 | 1 . . . . . Scrap Searched . | . . . . . . Spaces Dug . | . . . . . . Terrain Destroyed . | . . . . . . Melee . | . . . . . . Projectile . | . . . . . . AOE . | . . . . . . Actions | -11 -10 -10 -9 -9 -8 --------- Run | Scr Mat Min Mat Sto Mat Total 1523 | 57 577 135 128 212 414 Wait 62 | . 3 4 . 17 38 Move 1318 | 48 502 118 122 186 342 Hop 10 | . 1 . 3 5 1 Pick Up 20 | 3 12 . 1 . 4 Fast Attach 14 | 6 2 2 . . 4 Attach 9 | . 5 . 2 . 2 Detach . | . . . . . . Swap 2 | . 1 . . . 1 Drop 13 | . 9 2 . . 2 Fire 55 | . 42 9 . 4 . Melee . | . . . . . . Ram 20 | . . . . . 20 Kick . | . . . . . . Crush . | . . . . . . Escape Stasis . | . . . . . . Rewire . | . . . . . . Trap . | . . . . . . Miscellaneous . | . . . . . . Route ------- -11/Scrapyard -10/Materials (discovered 3 exits: *Mat / *Min x2) -10/Mines (discovered 2 exits: *Mat x2) -9/Materials -9/Storage -8/Materials History --------- Turn | Location | Event 3 | -11/Scrapyard | Discovered new exit (range 16) 67 | -11/Scrapyard | Entered Materials 155 | -10/Materials | Discovered new exit (range 16) 190 | -10/Materials | Discovered new exit (range 15) 296 | -10/Materials | Discovered new exit (range 12) 307 | -10/Materials | Build established: Mutant 826 | -10/Materials | Identified exit to Mines 827 | -10/Materials | Entered Mines 828 | -10/Mines | Learned location of Storage (-9) 860 | -10/Mines | Core integrity fell below 50% 871 | -10/Mines | Discovered new exit (range 13) 876 | -10/Mines | Learned Materials security intel 895 | -10/Mines | Identified exit to Materials 902 | -10/Mines | Discovered exit to Materials (range 8) 907 | -10/Mines | Entered Materials 907 | -9/Materials | Evolved 2 slots: Propulsion x1, Utility x1 937 | -9/Materials | Discovered new exit (range 3) 954 | -9/Materials | Identified exit to Storage 954 | -9/Materials | Entered Storage 967 | -9/Storage | Build established: Scavenger-Mutant 1045 | -9/Storage | Discovered new exit (range 12) 1048 | -9/Storage | Identified exit to Materials 1049 | -9/Storage | Entered Materials 1049 | -8/Materials | Evolved 2 slots: Propulsion x1, Utility x1 1202 | -8/Materials | Lost 4 parts (1p3n) 1267 | -8/Materials | Found Powered Armor 1279 | -8/Materials | Lost 4 parts (1p1n2u) 1299 | -8/Materials | Core integrity fell below 50% 1324 | -8/Materials | Core integrity fell below 20% 1332 | -8/Materials | Destroyed by G-47 Trooper with Particle Gun Last Messages --------------- 01267_ Acquired Powered Armor. 01277_ Slammed into S-10 Pest. 01279_ O&4B, KPIFFT9F8>&U: / 01283_ Destabilizing: System interference. 01283_ Signal Interpreter temporarily disabled. 01286_ Slammed into G-47 Trooper. 01292_ Powered Armor destroyed. 01292_ Slammed into G-47 Trooper. 01298_ Slammed into S-10 Pest. 01300_ Slammed into Y-45 Defender. 01301_ Slammed into S-10 Pest. 01309_ Mic. Nuclear Core permanently disabled. 01309_ Destabilizing: Short circuit. 01310_ Slammed into S-10 Pest. 01324_ Slammed into G-47 Trooper. 01324_ Broken Mic. Nuclear Core destroyed. 01325_ Slammed into G-47 Trooper. 01330_ ALERT: Hostiles spotted, dispatching reinforcements to Terminal M008. Map ----- +----------------------------------------------------+ | ?????????????????????????????????????????????????? | | ?????????????????????????????????????????????????? | | ?????????????????????????????????????????????????? | | ?????????????????????????????????????????????????? | | ?????????????????????????????????????????????????? | | ?????????????????????????????????????????????????? | | ?????????????????????????????????????????????????? | | ?????????????????????????????????????????????????? | | ?????????????????????????????????????????????????? | | ?????????????????????????????????????????????????? | | ?????????????????????????????????????????????????? | | ?????????????????????????????????????????????????? | | ????????????????? ??????????????????????????????? | | ???????????? " """""????????????????????????????? | | ?????????????"""""""?????????????????????????????? | | ????????????? """ "??????????????????????????????? | | ?????????????? ??????????????????????????????? | | ??????????????? ???????????????????????????????? | | ??????????????##/########????????????????????????? | | ?############## ?????????????????????????? | | ?# ! # #???????????????????????????? | | ##%""" "" # #???????????????????????????? | | +%""" S"" / #???????????????????????????? | | ## """ "" # #???????????????????????????? | | ?# %% # ##s########????????????????????? | | ?############## # @a +????????????????????? | | ??????????????# # ! g #????????????????????? | | ??????????????# # [!! #????????????????????? | | ??????????????# # [!! #????????????????????? | | ??????????????+ + [!= #????????????????????? | | ??????????????# # #????????????????????? | | ??????????????# # #????????????????????? | | ??????????????# # ! #????????????????????? | | ??????????????# ###########????????????????????? | | ?????########## #??????????????????????????????? | | ?????# ## #??????????????????????????????? | | ###### ""T"" ## #??????????????????????????????? | | # """""??# #??????????????????????????????? | | # # ????? ???????????????????????????????? | | # ##+#?????? ???????????????????????????????? | | # #????????????????????????????????????????? | | # #????????????????????????????????????????? | | # # #????????????????????????????????????? | | #?????????????????????????????????????? | | ####### #?????????????????????????????????????? | | # !!!#?###?????????????????????????????????????? | | + !!!#?????????????????????????????????????????? | | ### !!!#?????????????????????????????????????????? | | ??? #?????????????????????????????????????????? | | ##?? #?????????????????????????????????????????? | +----------------------------------------------------+ Best States ------------- Heat Dissipation 31 Energy Generation 15 Energy Capacity 160 Matter Stores 300 Matter Capacity 300 Sight Range 16 Robot Scan Range 13 Terrain Scan Density 10 Armor Coverage 400 Propulsion Shielding 33 Evasion (%) 69 Item Schematics ----------------- None Robot Schematics ------------------ None Fabricated ------------ Nothing Alien Tech Used ----------------- None Achievements -------------- None Challenges ------------ None Game ------ Seed HellfireNovaField Manual? 0 Play Time 00:21:25 Cumulative 23.2 hours Start 2020.04.24 @ 09:01:12 End 2020.04.24 @ 09:17:48 Sessions 1 Manual Loads 0 Difficulty Rogue Special Mode None Game No. 37 Rogue 37 Adventurer 0 Explorer 0 Win Type - Total 0 Types 0/0/0/0/0/0/0 Lore% 23 Gallery% 30 Achievement% 24 Wizard Run 0 Options --------- ASCII 0 Keyboard 1 Movement Numpad Keybinds 0 Fullscreen 1 Font 18/SmallcapsGlow Map View 76x50 Tactical HUD 1 Map Filters NONE Filters NONE Steam 1 RUN: d78d7067-9fd3-4864-8b61-138d295e0904